 Dungeon Sprint DCSS version 0.30.1-1-g62c8e00024 (webtiles) character file.

Game seed: 7321095380085010256

7481 boopmooplesden the Severer (level 10, -2/159 HPs)
             Began as a Red Draconian Berserker on July 16, 2023.
             Was the Champion of Trog.
             Succumbed to a redback's poison
             ... in the Dungeon (Sprint VII: "The Pits").
             The game lasted 00:04:00 (1566 turns).

boopmooplesden the Severer (DrBe)                   Turns: 1566, Time: 00:04:00

Health: -2/159     AC: 10    Str: 25    XL:     10   Next: 94%
Magic:  10/10      EV: 20    Int:  7    God:    Trog [******]
Gold:   7          SH:  0    Dex: 13    Spells: 9/9 levels left

rFire   + . .        v - +4 executioner's axe (flame)
rCold   . . .        (shield currently unavailable)
rNeg    . . .        (body armour unavailable)
rPois   .            (helmet restricted)
rElec   .            m - +0 cloak
rCorr   .            r - +0 pair of gloves
SInv    .            s - +0 pair of boots
Will    .....        (no amulet) Stlth
                     o - +3 ring of dexterity
HPRegen 0.46/turn    n - +3 ring of evasion
MPRegen 0.12/turn

%: no teleportation
@: berserking, lethally poisoned (-2 -> -24), very quick
A: breathe fire, AC +7, unfitting armour, fire resistance 1, cold-blooded
a: Breathe Fire, Renounce Religion, Berserk, Trog's Hand, Brothers in Arms


You were in the Dungeon.
You worshipped Trog.
Trog was exalted by your worship.
You visited 1 branch You collected 7 gold pieces.

Inventory:

Hand Weapons
 a - a +0 hand axe
 h - a +2 hand axe
 l - a +1 heavy hand axe
 q - a +2 war axe of flaming
 t - a +5 antimagic broad axe
 v - a +4 executioner's axe of flaming (weapon)
 w - the +7 scimitar of Trog's Delight {flame, Str+3}
   (Trog gifted it to you in the Dungeon)

   Str:       It affects your strength (+3).
 x - a +0 whip
 y - the +0 battleaxe "Delyck" {heavy, rElec rC+++ Will- rCorr}
   (Trog gifted it to you in the Dungeon)

   rC:        It renders you almost immune to cold.
   rElec:     It insulates you from electricity.
   rCorr:     It protects you from acid and corrosion.
   Will:      It decreases your willpower.
Armour
 k - a +3 scale mail
 m - a +0 cloak (worn)
 r - a +0 pair of gloves (worn)
 s - a +0 pair of boots (worn)
Jewellery
 n - a +3 ring of evasion (right hand)
 o - a +3 ring of dexterity (left hand)
Wands
 u - a wand of roots (2)
Scrolls
 g - a scroll of blinking
 j - a scroll of butterflies
Potions
 b - 6 potions of curing
 c - 14 potions of heal wounds
 d - 2 potions of haste
 e - 4 potions of magic
 f - 3 potions of berserk rage
 i - 2 potions of invisibility
 p - 2 potions of resistance


   Skills:
 + Level 15.5 Fighting
 + Level 18.1 Axes
 + Level 12.2 Dodging
 + Level 5.0 Stealth


You had 9 spell levels left.
You didn't know any spells.
Your spell library was empty.

Dungeon Overview and Level Annotations

Branches:
Dungeon (1/1)

Altars:
Cheibriados
Dithmenos
Elyvilon
Fedhas
Gozag
Hepliaklqana
Makhleb
Nemelex Xobeh
Okawaru
Qazlal
Ru
Sif Muna
Trog
Vehumet
Wu Jian
Xom
Yredelemnul
Zin
The Shining One
Jiyva
Lugonu


Innate Abilities, Weirdness & Mutations

You can breathe blasts of fire.
Your fiery red scales are hard. (AC +7)
You cannot fit into any form of body armour.
Your flesh is heat resistant. (rF+)
You are cold-blooded and may be slowed by cold attacks.


Message History

You kill the redback!
Trog accepts your kill.
You barely miss the redback.
You feel extremely sick. The redback bites you!
Your Axes skill increases to level 18!
You closely miss the redback.
You feel very sick. The redback misses you.
You slice the redback!! You burn the redback.
You kill the redback!
Trog accepts your kill.
You slash the emperor scorpion! You burn the emperor scorpion.
You feel very sick. The emperor scorpion stings you!!
* * * LOW HITPOINT WARNING * * *
The emperor scorpion claws you.
* * * LOW HITPOINT WARNING * * *
The emperor scorpion claws you but does no damage.
You barely miss the emperor scorpion.
The emperor scorpion is lightly wounded.
You slice the quokka simulacrum!!
You melt the quokka simulacrum.
You feel the power of Trog in you as your rage grows.
The quokka simulacrum vaporises!
Trog accepts your kill.
You feel very sick.
You slash the emperor scorpion! You burn the emperor scorpion.
Your tail-slap misses the emperor scorpion.
The emperor scorpion is moderately wounded.
You feel very sick. The emperor scorpion stings you!!
* * * LOW HITPOINT WARNING * * *
The emperor scorpion claws you but does no damage.
The emperor scorpion claws you.
* * * LOW HITPOINT WARNING * * *
You barely miss the emperor scorpion.
Your tail-slap misses the emperor scorpion.
The emperor scorpion is moderately wounded.
You barely miss the lindwurm.
You die...

......# #.......#
#....## ####)..### ###
##')## ###..)÷..+ #..#
#..).###....##'## ...#
..))..#....##...## ...#
......'....÷.....+....+
......#...÷##...##....#
#....###....##'##k....#
##††## ###..'...@s.#
#.)††## ####.).####
......# #.)††...#
......# #.........#
####### ###########


You could see an emperor scorpion and a lindwurm.

Vanquished Creatures
  A death yak (D)
  2 flayed ghosts (D)
  A swamp dragon (D)
  A manticore (D)
  Maurice (D)
  A demonic crawler (D)
  An orange demon (D)
  A guardian mummy (D)
  4 dream sheep (D)
  A ynoxinul (D)
  7 yaks (D)
  A wyvern (D)
  A fire bat (D)
  4 redbacks (D)
  A steam dragon (D)
  A warg (D)
  2 centaurs (D)
  6 wolves (D)
  A phantom (D)
  A necrophage (D)
  A scorpion (D)
  Crazy Yiuf (D)
  A gnoll bouda (D)
  An orc wizard (D)
  5 gnolls (D)
  An adder (D)
  2 white imps (D)
  An adder zombie (D)
  7 orcs (D)
  A bat (D)
  A goblin (D)
  A hobgoblin (D)
  2 jackals (D)
  2 kobolds (D)
  A quokka (D)
  A ball python (D)
  A ball python zombie (D)
  A quokka simulacrum (D)
70 creatures vanquished.

Notes
Turn   | Place    | Note
-------+----------+-------------------------------------------
     0 | D        | boopmooplesden the Draconian Berserker began the quest for
                  | the Orb.
     0 | D        | Reached XP level 1. HP: 19/19 MP: 1/1
    44 | D        | Found a glowing golden altar of the Shining One.
    44 | D        | Found a glowing silver altar of Zin.
    44 | D        | Found a basalt altar of Yredelemnul.
    44 | D        | Found a shimmering altar of Xom.
    44 | D        | Found an ornate altar of the Wu Jian Council.
    44 | D        | Found a bloodstained altar of Trog.
    44 | D        | Found a shimmering blue altar of Sif Muna.
    44 | D        | Found a sacrificial altar of Ru.
    44 | D        | Found a stormy altar of Qazlal.
    44 | D        | Found an iron altar of Okawaru.
    44 | D        | Found a sparkling altar of Nemelex Xobeh.
    44 | D        | Found a burning altar of Makhleb.
    44 | D        | Found a viscous altar of Jiyva.
    44 | D        | Found a hazy altar of Hepliaklqana.
    44 | D        | Found an opulent altar of Gozag.
    44 | D        | Found a blossoming altar of Fedhas.
    44 | D        | Found a white marble altar of Elyvilon.
    44 | D        | Found a shadowy altar of Dithmenos.
    44 | D        | Found a snail-covered altar of Cheibriados.
    45 | D        | Found a radiant altar of Vehumet.
    45 | D        | Found a corrupted altar of Lugonu.
    60 | D        | Reached XP level 2. HP: 22/27 MP: 2/2
    62 | D        | Reached ** piety under Trog
    63 | D        | Reached skill level 4 in Axes
   190 | D        | Noticed a scorpion
   201 | D        | Reached *** piety under Trog
   205 | D        | Killed a scorpion
   206 | D        | Reached skill level 5 in Fighting
   206 | D        | Reached skill level 5 in Axes
   206 | D        | Reached skill level 5 in Dodging
   206 | D        | Reached XP level 3. HP: 13/37 MP: 3/3
   206 | D        | Reached XP level 4. HP: 16/44 MP: 4/4
   512 | D        | Noticed Crazy Yiuf
   513 | D        | Noticed a warg
   518 | D        | Killed Crazy Yiuf
   519 | D        | Reached skill level 6 in Axes
   520 | D        | Killed a warg
   521 | D        | Reached skill level 7 in Axes
   521 | D        | Reached XP level 5. HP: 27/53 MP: 5/5
   522 | D        | Reached **** piety under Trog
   754 | D        | Noticed a fire bat
   761 | D        | Killed a fire bat
   762 | D        | Reached skill level 8 in Axes
   762 | D        | Reached skill level 1 in Stealth
   762 | D        | Reached XP level 6. HP: 54/63 MP: 6/6
   763 | D        | Noticed a manticore
   767 | D        | Killed a manticore
   767 | D        | Reached ***** piety under Trog
   768 | D        | Reached skill level 10 in Fighting
   768 | D        | Reached skill level 10 in Axes
   768 | D        | Your scales start taking on a fiery red colour.
   768 | D        | Reached XP level 7. HP: 59/73 MP: 7/7
   768 | D        | Gained mutation: Your flesh is heat resistant. (rF+) [Red
                  | Draconian growth]
   917 | D        | Noticed an orange demon
   925 | D        | Killed an orange demon
   926 | D        | Reached skill level 11 in Axes
   926 | D        | Reached XP level 8. HP: 77/82 MP: 8/8
  1033 | D        | Noticed a flayed ghost
  1033 | D        | Noticed a guardian mummy
  1038 | D        | Reached ****** piety under Trog
  1042 | D        | Killed a guardian mummy
  1043 | D        | Reached skill level 12 in Axes
  1050 | D        | Killed a flayed ghost
  1051 | D        | Reached skill level 13 in Axes
  1051 | D        | Reached skill level 10 in Dodging
  1051 | D        | Reached XP level 9. HP: 92/92 MP: 9/9
  1052 | D        | Received a gift from Trog
  1114 | D        | Noticed Maurice
  1114 | D        | Noticed a swamp dragon
  1121 | D        | Killed Maurice
  1124 | D        | Reached skill level 14 in Axes
  1126 | D        | Killed a swamp dragon
  1244 | D        | Noticed a death yak
  1258 | D        | Killed a death yak
  1258 | D        | Received a gift from Trog
  1259 | D        | Reached skill level 15 in Axes
  1259 | D        | Reached XP level 10. HP: 103/103 MP: 10/10
  1280 | D        | Identified the +7 scimitar of Trog's Delight {flame, Str+3}
                  | (Trog gifted it to you in the Dungeon)
  1280 | D        | Received a gift from Trog
  1297 | D        | Noticed a demonic crawler
  1304 | D        | Reached skill level 16 in Axes
  1304 | D        | Killed a demonic crawler
  1311 | D        | Received a gift from Trog
  1312 | D        | Reached skill level 15 in Fighting
  1355 | D        | Noticed a flayed ghost
  1363 | D        | Killed a flayed ghost
  1363 | D        | Identified the +0 battleaxe "Delyck" {heavy, rElec rC+++
                  | Will- rCorr} (Trog gifted it to you in the Dungeon)
  1363 | D        | Received a gift from Trog
  1364 | D        | Reached skill level 17 in Axes
  1365 | D        | Reached skill level 5 in Stealth
  1552 | D        | Noticed a lindwurm
  1554 | D        | Noticed an emperor scorpion
  1562 | D        | Reached skill level 18 in Axes
  1565 | D        | HP: 6/159 [emperor scorpion (22)]
  1565 | D        | HP: 2/159 [emperor scorpion (4)]
  1566 | D        | Succumbed to a redback's poison

Illustrated notes

Levels and vault maps discovered:
D:        pitsprint [storerooms_1, entrance_room_1, metal_vault_2, armoury_1,
          mini_pit_1, grid_room_1, main_hall_1, silver_pit, the_coven_1,
          the_vestibule_1, steel_vault_2, golden_pit, hallway_of_sentries,
          crystal_vault_4, iron_vault_1, final_vault]

Skill      XL: |  1  2  3  4  5  6  7  8  9 10 |
---------------+-------------------------------+-----
Fighting       | 4 5 8 9 10 11 12 14 15 | 15.5
Dodging        | 3 5 6 7 8 9 10 11 12 | 12.2
Axes           | 5 7 8 10 11 13 15 18 | 18.1
Stealth        | 1 2 3 4 5 |  5.0

Action                     |  1- 3 |  4- 6 |  7- 9 | 10-12 || total
---------------------------+-------+-------+-------+-------++-------
  Melee: Hand axe          |    25 |    27 |    17 |       ||    69
         Tailslap          |       |     6 |     8 |     6 ||    20
         Punch             |       |       |     1 |       ||     1
         War axe           |       |       |    32 |       ||    32
         Executioner's axe |       |       |       |    52 ||    52
 Invoke: Berserk           |     1 |     2 |     4 |     2 ||     9
 Armour: Skin              |    13 |     8 |    10 |    11 ||    42
  Dodge: Dodged            |    15 |    20 |    54 |    63 ||   152
